 Dungeon Crawl Stone Soup version 0.22-a0-558-gc224181 (webtiles) character file.

93 Hebeh the Skirmisher (level 4, -5/40 HPs)
             Began as a Minotaur Fighter on June 27, 2018.
             Slain by Grinder (6 damage)
             ... on level 3 of the Dungeon.
             The game lasted 00:03:22 (2063 turns).

Hebeh the Skirmisher (Minotaur Fighter)             Turns: 2063, Time: 00:03:23

Health: -5/40      AC:  7    Str: 22    XL:     4   Next: 36%
Magic:  3/3        EV:  7    Int:  5    God:
Gold:   47         SH:  9    Dex:  9    Spells: 3/3 levels left

rFire    . . .     SeeInvis .   a - +0 war axe
rCold    . . .     Gourm    .   c - +0 shield
rNeg     . . .     Faith    .   b - +0 scale mail
rPois    .         Spirit   .   (helmet restricted)
rElec    .         Reflect  .   (no cloak)
rCorr    .         Harm     .   (no gloves)
MR       .....                  (no boots)
Stlth    ..........             (no amulet)
HPRegen  0.13/turn              (no ring)
MPRegen  0.08/turn              (no ring)

@: no status effects
A: retaliatory headbutt, horns 2
a: no special abilities


You were on level 3 of the Dungeon.
You were not hungry.

You visited 1 branch of the dungeon, and saw 3 of its levels.

You collected 47 gold pieces.

Inventory:

Hand Weapons
 a - a +0 war axe (weapon)
Armour
 b - a +0 scale mail (worn)
 c - a +0 shield (worn)
Scrolls
 h - a scroll of fear {unknown}
 i - 2 scrolls of amnesia {unknown}
 k - 2 scrolls of teleportation {unknown}
 l - a scroll of immolation {unknown}
 m - a scroll of enchant armour {unknown}
 o - a scroll of identify {unknown}
Potions
 d - a potion of might
 e - a potion of flight {unknown}
 j - a potion of degeneration {unknown}
 n - a potion of ambrosia {unknown}
Comestibles
 f - a ration


   Skills:
 + Level 4.3 Fighting
 * Level 4.0 Axes
 + Level 4.2 Armour
 + Level 4.3 Shields


You had 3 spell levels left.
You didn't know any spells.
Your spell library was empty.

Dungeon Overview and Level Annotations

Branches:
Dungeon (3/15)

Altars:

Annotations:
D:3 Grinder


Innate Abilities, Weirdness & Mutations

You reflexively headbutt those who attack you in melee.
You have a pair of horns on your head.


Message History

You slash Grinder! Your headbutt misses Grinder.
Grinder is heavily wounded.
Grinder hits you but does no damage. x2
Your shield and scale mail prevent you from hitting Grinder.
Your headbutt misses Grinder.
Grinder is heavily wounded.
Grinder hits you!
* * * LOW HITPOINT WARNING * * *
You closely miss Grinder. Your headbutt misses Grinder.
Grinder is heavily wounded.
Grinder gestures at you. Pain shoots through your body!
* * * LOW HITPOINT WARNING * * *
You hit Grinder. Your headbutt misses Grinder.
Grinder is heavily wounded.
You block Grinder's attack. x2
You hit Grinder.
Grinder is severely wounded.
Grinder hits you.
You die...

#.....####.# ##.#.
##.(.#####.# #.##
##........# #.##
##......(.# ##'##
#...####.## ##...#
#......#.# ##.....
#...#..#.###......
.#.######....#.##...(...
......5@...<....'.......
.########......##.[.....
###..#####......
##.#...# ##.....
#......# ##...# ##.#...#
#+## #.##### #. #.# #.
#.# ##.##


You could see Grinder.

Vanquished Creatures
  4 adders
  2 dart slugs
  8 leopard geckos
  An orc (D:2)
  8 bats
  A giant cockroach (D:1)
  3 hobgoblins
  2 jackals (D:3)
  5 kobolds
  3 quokkas (D:2)
  A frilled lizard (D:3)
  3 goblins (D:1)
  4 rats
45 creatures vanquished.

Notes
Turn   | Place    | Note
-------+----------+-------------------------------------------
     0 | D:1      | Hebeh the Minotaur Fighter began the quest for the Orb.
     0 | D:1      | Reached XP level 1. HP: 19/19 MP: 0/0
   223 | D:1      | Reached XP level 2. HP: 27/27 MP: 1/1
  1049 | D:2      | Reached XP level 3. HP: 33/33 MP: 2/2
  1359 | D:2      | Reached XP level 4. HP: 40/40 MP: 3/3
  1638 | D:2      | Found a faded altar of an unknown god.
  2043 | D:3      | Noticed Grinder
  2056 | D:3      | Paralysed by Grinder for 3 turns
  2061 | D:3      | HP: 1/40 [Grinder/nerve-wracking pain (7)]
  2063 | D:3      | Slain by Grinder

Vault maps used:
D:1:      minmay_arrival_stair_chambers, minmay_door_square, minivault_24
D:2:      chequers_ecumenical_altar_grove, grunt_decor_mini_mirrors
D:3:      uniq_grinder

Skill      XL: |  1  2  3  4 |
---------------+-------------+-----
Axes           | 3 4 |  4.0
Shields        | 4 |  4.3
Fighting       | 4 |  4.3
Armour         | 4 |  4.2

Action                   |  1- 3 |  4- 6 || total
-------------------------+-------+-------++-------
Melee: War axe           |    81 |    44 ||   125
       Headbutt          |    12 |     8 ||    20
  Eat: Chunk             |     1 |     3 ||     4
Armor: Scale mail        |    38 |    14 ||    52
Dodge: Dodged            |    32 |     6 ||    38
Block: Shield            |    35 |    28 ||    63

Table legend:
 A = Spawn XP
 B = Non-spawn XP
 C = Spawn XP percentage of total XP
 D = Spawn monster count
 E = Non-spawn monster count
 F = Spawn count percentage of total count
 G = Total turns spent on level
                    A         B        C        D         E        F      G
               +---------+---------+-------+---------+---------+-------+---------
         Total |       0 |     133 |   0.0 |       0 |      45 |   0.0 |  2063
               +---------+---------+-------+---------+---------+-------+---------
           D:1 |       0 |      36 |   0.0 |       0 |      20 |   0.0 |  1025
           D:2 |       0 |      70 |   0.0 |       0 |      18 |   0.0 |   656
           D:3 |       0 |      27 |   0.0 |       0 |       7 |   0.0 |   382
               +---------+---------+-------+---------+---------+-------+---------
